 Dungeon Crawl Stone Soup version 0.23-a0-619-g281719c6f9 (webtiles) character file.

156 Morenatsu the Digger (level 5, -3/28 HPs)
             Began as a Gargoyle Earth Elementalist on Dec 23, 2018.
             Killed by divine providence
             ... invoked by an orc priest
              (7 damage)
             ... on level 3 of the Dungeon.
             The game lasted 00:05:22 (2090 turns).

Morenatsu the Digger (Gargoyle Earth Elementalist)  Turns: 2090, Time: 00:05:23

Health: -3/28      AC:  7    Str: 12    XL:     5   Next: 38%
Magic:  1/8        EV: 12    Int: 16    God:
Gold:   144        SH:  0    Dex: 10    Spells: 4/8 levels left

rFire    . . .     SeeInvis .   a - +1 whip
rCold    . . .     Gourm    .   (no shield)
rNeg     + . .     Faith    .   c - +0 robe
rPois    ∞         Spirit   .   k - +0 helmet
rElec    +         Reflect  .   (no cloak)
rCorr    .         Harm     .   (no gloves)
MR       .....                  (no boots)
Stlth    ++........             (no amulet)
HPRegen  0.09/turn              (no ring)
MPRegen  0.11/turn              (no ring)

@: no status effects
A: negative energy resistance 1, electricity resistance, unbreathing,
petrification resistance, rot immunity, AC +4
a: no special abilities


You were on level 3 of the Dungeon.
You were not hungry.

You visited 1 branch of the dungeon, and saw 3 of its levels.

You collected 144 gold pieces.

Inventory:

Hand Weapons
 a - a +1 whip (weapon)
Missiles
 b - 59 stones (quivered)
Armour
 c - a +0 robe (worn)
 k - a +0 helmet (worn)
Scrolls
 f - a scroll of remove curse
 g - a scroll of blinking
 i - a scroll of teleportation
Potions
 e - 3 potions of curing {unknown}
 h - a potion of brilliance {unknown}
 j - a potion of agility {unknown}
 l - a potion of haste {unknown}
Comestibles
 d - 3 rations


   Skills:
 - Level 1.5 Dodging
 - Level 2.1 Stealth
 - Level 2.0 Spellcasting
   Level 0.7 Transmutations
 + Level 7.1 Earth Magic


You had 4 spell levels left.
You knew the following spells:

 Your Spells              Type           Power        Failure   Level  Hunger
a - Sandblast             Erth           ###...       1%          1    #......
b - Stone Arrow           Conj/Erth      ##....       14%         3    ###....

Your spell library contained the following spells:

 Spells                   Type           Power        Failure   Level  Hunger
 Passwall                 Tmut/Erth      ##......     6%          2    ###....
 Corona                   Hex            #......      21%         1    #......
 Ensorcelled Hibernation  Hex/Ice        #.....       30%         2    ###....
 Petrify                  Tmut/Erth      ##......     38%         4    #####..
 Confuse                  Hex            #.......     52%         3    ###....
 Dazzling Spray           Conj/Hex       #.....       52%         3    ###....
 Tukima's Dance           Hex            #.......     52%         3    ###....
 Lee's Rapid Deconstruct  Erth           ###.......   30%         5    ######.


Dungeon Overview and Level Annotations

Branches:
Dungeon (3/15)

Altars:
Elyvilon
Gozag


Innate Abilities, Weirdness & Mutations

You are resistant to torment.
Your stone body is resilient. (AC +4)
You are immune to poison.
You resist negative energy. (rN+)
You are resistant to electric shocks. (rElec)
You can survive without breathing.
You are immune to petrification.
You are immune to rotting.


Message History

A giant cockroach comes into view.
The orc priest misses you.
Items here: )))) †† You barely miss the orc priest.
The orc priest calls down the wrath of Beogh upon you.
Pain shoots through your body!
You closely miss the orc priest.
The orc priest invokes the aid of Beogh against you.
Beogh smites you!
Ouch! That really hurt!
The orc priest invokes the aid of Beogh against you.
Pain shoots through your body!
The orc priest hits you with a +0 flail.
* * * LOW HITPOINT WARNING * * *
You see here a tomahawk.
The orc priest casts a cantrip, but nothing happens.
The orc priest begins to cast a cantrip, but forgets the words!
The orc priest invokes the aid of Beogh against you.
Beogh smites you!
You die...

### #<# #.# #@# #.# #o#
####.# #. #..o.#
##...###.(..###########
.......o.............>######
.....s.#....#########.#.....
.......#....# #.#.###.


You could see 2 orc priests.

Vanquished Creatures
  An ogre (D:3)
  A gnoll (D:1)
  2 adders (D:2)
  A worm (D:2)
  A dart slug (D:2)
  A leopard gecko (D:3)
  3 orcs (D:3)
  A ball python (D:2)
  2 giant cockroaches
  3 goblins
  3 hobgoblins (D:1)
  7 jackals (D:1)
  A quokka (D:2)
  5 bats
  4 frilled lizards
  2 kobolds (D:2)
  3 rats
41 creatures vanquished.

Vanquished Creatures (others)
  A frilled lizard (D:2)
1 creature vanquished.

Grand Total: 42 creatures vanquished

Notes
Turn   | Place    | Note
-------+----------+-------------------------------------------
     0 | D:1      | Morenatsu the Gargoyle Earth Elementalist began the quest
                  | for the Orb.
     0 | D:1      | Reached XP level 1. HP: 10/10 MP: 3/3
   114 | D:1      | Reached skill level 4 in Earth Magic
   197 | D:1      | Reached XP level 2. HP: 13/15 MP: 1/5
   682 | D:1      | Reached skill level 5 in Earth Magic
   682 | D:1      | Reached XP level 3. HP: 19/19 MP: 1/6
  1324 | D:2      | Found an opulent altar of Gozag.
  1532 | D:2      | Reached XP level 4. HP: 23/24 MP: 5/7
  1590 | D:2      | Learned a level 3 spell: Stone Arrow
  1805 | D:2      | Found a white marble altar of Elyvilon.
  1818 | D:2      | Reached skill level 6 in Earth Magic
  2066 | D:3      | Noticed an ogre
  2075 | D:3      | Killed an ogre
  2075 | D:3      | Reached skill level 7 in Earth Magic
  2075 | D:3      | Reached XP level 5. HP: 28/28 MP: 5/8
  2090 | D:3      | Killed from afar by an orc priest

Vault maps used:
D:1:      elethiomel_arrival_infinity_welcomes_careful_drivers,
          kennysheep_decorative_pillar
D:2:      elyvilon_altar_4, grunt_gozag_breadcrumbs
D:3:      hex_tiny

Skill      XL: |  1  2  3  4 |
---------------+-------------+-----
Earth Magic    | 4 5 7 |  7.1
Dodging        | |  1.5
Stealth        | |  2.1
Spellcasting   | |  2.0
Transmutations | |  0.7

Action                   |  1- 3 |  4- 6 || total
-------------------------+-------+-------++-------
Melee: Unarmed           |    72 |       ||    72
       Whip              |    30 |    12 ||    42
 Cast: Sandblast         |    30 |    21 ||    51
  Use: Scroll            |     5 |     1 ||     6
 Stab: Sleeping          |     1 |       ||     1
  Eat: Ration            |     1 |       ||     1
       Chunk             |       |     1 ||     1
Armor: Robe              |    44 |     5 ||    49
Dodge: Dodged            |   127 |    16 ||   143

Table legend:
 A = Non-vault XP
 B = Vault XP
 C = Vault XP percentage of total XP
 D = Non-vault monster count
 E = Vault monster count
 F = Vault count percentage of total count
                 A         B        C        D         E       F
            +---------+---------+-------+---------+---------+-------
      Total |     222 |       2 |   0.9 |      40 |       1 |   2.4
            +---------+---------+-------+---------+---------+-------
        D:1 |      49 |       0 |   0.0 |      22 |       0 |   0.0
        D:2 |      48 |       2 |   4.0 |      13 |       1 |   7.1
        D:3 |     125 |       0 |   0.0 |       5 |       0 |   0.0
            +---------+---------+-------+---------+---------+-------
